 Dungeon Crawl Stone Soup version 0.26-a0-450-ge645bd1 (webtiles) character file.

Game seed: 17025033833228989178

1808 Crimsoncloak the Slicer (level 9, -5/54 HPs)
             Began as a Kobold Brigand on July 27, 2020.
             Was an Initiate of Dithmenos.
             Shot with an arrow by a centaur (12 damage)
             ... on level 7 of the Dungeon.
             The game lasted 00:14:13 (6786 turns).

Crimsoncloak the Slicer (Kobold Brigand)            Turns: 6786, Time: 00:14:13

Health: -5/54      AC:  5    Str:  8    XL:     9   Next: 31%
Magic:  10/10      EV: 18    Int: 13    God:    Dithmenos [......]
Gold:   264        SH:  0    Dex: 19    Spells: 8/8 levels left

rFire    . . .     SeeInvis .   l - +1 dagger (venom)
rCold    . . .     Faith    .   (shield restricted)
rNeg     . . .     Spirit   .   b - +0 robe
rPois    .         Reflect  .   w - +0 helmet
rElec    .         Harm     .   c - +0 cloak
rCorr    .                      m - +0 pair of gloves
MR       .....                  (no boots)
Stlth    +++++.....             (no amulet)
HPRegen  0.18/turn              (no ring)
MPRegen  0.12/turn              (no ring)

@: drained
A: small, nightstalker 3
a: Renounce Religion


You were on level 7 of the Dungeon.
You worshipped Dithmenos.
Dithmenos was noncommittal.
You visited 2 branches of the dungeon, and saw 9 of its levels.

You collected 264 gold pieces.

Inventory:

Hand Weapons
 l - a +1 dagger of venom (weapon)
Missiles
 d - 14 poisoned darts (quivered)
 e - 2 curare-tipped darts
Armour
 b - a +0 robe (worn)
 c - a +0 cloak (worn)
 m - a +0 pair of gloves (worn)
 w - a +0 helmet (worn)
Jewellery
 r - an uncursed ring of positive energy {unknown}
 y - an uncursed ring of fire
 A - an uncursed amulet of faith {unknown}
Wands
 a - a wand of iceblast (10)
Scrolls
 f - 7 scrolls of identify {unknown}
 j - a scroll of enchant weapon {unknown}
 o - 2 scrolls of teleportation {unknown}
 p - 2 scrolls of blinking
 q - a scroll of remove curse {unknown}
 u - a scroll of random uselessness {unknown}
 v - 3 scrolls of amnesia {unknown}
 x - a scroll of fear
Potions
 g - a potion of stabbing {unknown}
 h - 2 potions of berserk rage {unknown}
 i - 2 potions of might {unknown}
 k - 2 potions of resistance {unknown}
 n - 4 potions of lignification {unknown}
 s - a potion of magic {unknown}
 t - a potion of curing {unknown}
 z - 2 potions of heal wounds {unknown}


   Skills:
 + Level 5.3(4.6) Fighting
 * Level 8.8(8.1) Short Blades
 - Level 2.6(2.0) Throwing
 + Level 3.3(2.7) Armour
 + Level 5.4(4.6) Dodging
 + Level 8.3(7.5) Stealth
 + Level 1.6(0.9) Invocations
 + Level 2.0(1.4) Evocations


You had 8 spell levels left.
You didn't know any spells.
Your spell library was empty.

Dungeon Overview and Level Annotations

Branches:
Dungeon (8/15)             Temple (1/1) D:6
   Lair: D:8-11

Altars:
Dithmenos
Fedhas
Makhleb
Okawaru
Ru
Sif Muna
Wu Jian
Xom
Zin
The Shining One

Shops:
D:4 [   D:8 :

Annotations:
D:3 2 transporters, nago's ghost, amateur MfDe


Innate Abilities, Weirdness & Mutations

You are small and have problems with some larger weapons.
You are completely attuned to the shadows.


Message History

The howler monkey is heavily wounded.
The centaur shoots an arrow.
The arrow hits you but does no damage.
The howler monkey hoots and howls with incredible vigour!
You hear an angry hiss.
You hear a bark!
You hit the howler monkey.
The howler monkey is almost dead.
The centaur shoots an arrow.
The arrow hits you!
* * * LOW HITPOINT WARNING * * *
You closely miss the howler monkey.
The howler monkey is almost dead.
The howler monkey hits you.
* * * LOW HITPOINT WARNING * * *
The centaur shoots an arrow.
The arrow misses you.
A wyvern comes into view.
You hit the howler monkey.
You kill the howler monkey!
Dithmenos accepts your kill.
Your base Evocations skill increases to level 2!
The centaur shoots an arrow.
The arrow hits you!
You die...

####### ##.....##
##)@....(#######
##.(.....((..<..#
#...#l.)...#)...#
###..###...####...#
..c...#....##....##
#..................
.......[............
....................
...........###.....
...


You could see a wyvern and a centaur.

Vanquished Creatures
  Sigmund (D:3)
  3 sky beasts
  2 ogres (D:6)
  A phantom (D:4)
  A centaur (D:7)
  2 bullfrogs (D:6)
  2 wights (D:6)
  An oklob sapling (D:6)
  4 howler monkeys
  A quasit (D:6)
  2 hounds
  2 centaur skeletons
  2 iguanas
  Jessica (D:3)
  An orc wizard (D:3)
  Natasha (thrice) (D:3)
  7 worker ants
  A hound zombie (D:7)
  3 adders (D:2)
  A shadow imp (D:5)
  An ufetubus (D:6)
  An ooze (D:1)
  2 worms
  3 dart slugs
  4 leopard geckos
  11 orcs
  3 giant cockroaches
  9 goblins
  2 hobgoblins
  9 jackals
  6 kobolds
  2 quokkas
  8 bats
  4 frilled lizards
  A jackal skeleton (D:8)
  A jackal zombie (D:6)
  7 rats
  A plant (D:6)
116 creatures vanquished.

Notes
Turn   | Place    | Note
-------+----------+-------------------------------------------
     0 | D:1      | Crimsoncloak the Kobold Brigand began the quest for the
                  | Orb.
     0 | D:1      | Reached XP level 1. HP: 12/12 MP: 1/1
   291 | D:1      | Reached XP level 2. HP: 18/18 MP: 2/2
   689 | D:1      | Reached XP level 3. HP: 17/22 MP: 3/3
  1708 | D:2      | Reached XP level 4. HP: 27/27 MP: 4/4
  2042 | D:2      | Found a glowing silver altar of Zin.
  2222 | D:3      | Found a transporter.
  2226 | D:3      | Noticed nago's ghost (amateur MfDe)
  2232 | D:3      | Noticed an ogre
  2233 | D:3      | Found a transporter.
  2236 | D:3      | Noticed an ogre
  2254 | D:3      | Noticed a hippogriff
  2256 | D:3      | Noticed Jessica
  2426 | D:3      | Reached XP level 5. HP: 22/32 MP: 5/5
  2842 | D:3      | Noticed Natasha
  2846 | D:3      | Killed Natasha
  2847 | D:3      | Noticed Sigmund
  2861 | D:3      | Killed Sigmund
  2861 | D:3      | Reached skill level 5 in Short Blades
  2861 | D:3      | Reached skill level 1 in Armour
  2861 | D:3      | Reached XP level 6. HP: 23/37 MP: 6/6
  2880 | D:3      | Noticed Natasha
  2882 | D:3      | Killed Natasha
  2972 | D:3      | Noticed Natasha
  2975 | D:3      | Killed Natasha
  3037 | D:4      | Noticed a sky beast
  3117 | D:3      | Killed a sky beast
  3117 | D:3      | Reached XP level 7. HP: 25/42 MP: 7/7
  3135 | D:3      | Killed Jessica
  3391 | D:4      | Found an ornate altar of the Wu Jian Council.
  3453 | D:4      | Found a shimmering altar of Xom.
  3495 | D:4      | Found a blossoming altar of Fedhas.
  3545 | D:4      | Found Jamoczegg's Armour Shop.
  3792 | D:5      | Entered Level 5 of the Dungeon
  3831 | D:5      | Reached XP level 8. HP: 48/48 MP: 8/8
  3933 | D:5      | You fall into a shaft and drop 3 floors!
  4202 | D:8      | Found Fiunaw's Book Shoppe.
  4489 | D:6      | Found a staircase to the Ecumenical Temple.
  4908 | Temple   | Entered the Ecumenical Temple
  4931 | Temple   | Became a worshipper of Dithmenos the Shadowed
  4991 | D:6      | Reached skill level 5 in Fighting
  5072 | D:6      | Reached skill level 5 in Dodging
  5072 | D:6      | Reached XP level 9. HP: 30/54 MP: 9/9
  5364 | D:6      | Reached skill level 1 in Invocations
  5364 | D:6      | Reached skill level 1 in Evocations
  6786 | D:7      | Shot with an arrow by a centaur

Illustrated notes

Levels and vault maps discovered:
D:1:      dpeg_arrival_rooms_b, layout_basic
D:2:      layout_basic, lemuel_round_altar
D:3:      layout_loops_ring, gammafunk_ghost_smash, uniq_jessica, uniq_natasha,
          uniq_sigmund
D:4:      layout_cave_pools, kennysheep_little_box, kennysheep_mini_moat,
          fedhas_altar_3, serial_shops, shop
D:5:      layout_loops_ring, minmay_shop_damaged, uniq_duvessa
D:6:      layout_loops_ring, minmay_temple_entry_oklob
D:7:      layout_cave_pools, worms_lemuel
D:8:      layout_cave_pods, serial_shops, nicolae_shop_behind_doors, uniq_joseph
Temple:   compressed_dpeg_circular_temple

Skill      XL: |  1  2  3  4  5  6  7  8  9 |
---------------+----------------------------+-----
Short Blades   | 3 4 5 6 8 |  8.8
Dodging        | 2 3 4 5 |  5.4
Fighting       | 3 4 5 |  5.3
Stealth        | 6 7 8 |  8.3
Armour         | 1 2 3 |  3.3
Invocations    | 1 |  1.6
Evocations     | 2 |  2.0
Throwing       | |  2.6

Action                   |  1- 3 |  4- 6 |  7- 9 || total
-------------------------+-------+-------+-------++-------
Melee: Dagger            |   102 |    73 |   372 ||   547
Throw: Dart              |       |       |     6 ||     6
Evoke: Wand              |       |       |     2 ||     2
  Use: Scroll            |       |     2 |       ||     2
 Stab: Sleeping          |     7 |     9 |    21 ||    37
       Distracted        |       |     2 |     1 ||     3
Armor: Robe              |    27 |     8 |    38 ||    73
Dodge: Dodged            |    95 |    28 |   210 ||   333

Table legend: (Time is in decaauts)
 A = Elapsed time spent in this place.
 B = Non-inter-level travel time spent in this place.
 C = Inter-level travel time spent in this place.
 D = Time resting spent in this place.
 E = Time spent auto-exploring this place.
 F = Levels seen in this place.
 G = Mean time per level.
                   A        B        C        D        E       F      G
               +--------+--------+--------+--------+--------+-----+--------+
         Total |   6618 |   6365 |    253 |   1783 |   3059 |   9 |  735.3 |
       Dungeon |   6578 |   6343 |    235 |   1783 |   3040 |   8 |  822.2 |
        Temple |     39 |     21 |     18 |      0 |     19 |   1 |   39.0 |
               +--------+--------+--------+--------+--------+-----+--------+

Top non-repeatable levels by time:
     D:6: 2176 daAuts
     D:1: 1431 daAuts
     D:3: 1012 daAuts
     D:2: 701 daAuts
     D:4: 610 daAuts
     D:8: 288 daAuts
     D:7: 228 daAuts
     D:5: 130 daAuts
  Temple: 39 daAuts
